 Dungeon Crawl Stone Soup version 0.30-a0-862-g1aabd4f9c5 (webtiles) character file.

Game seed: 9708670140103315205

293 cforsyth the Magician (level 6, 0/32 HPs)
             Began as a Deep Elf Earth Elementalist on Mar 9, 2023.
             Slain by a kobold brigand
             ... wielding a +0 short sword
              (7 damage)
             ... in a sewer.
             The game lasted 00:03:35 (2456 turns).

cforsyth the Magician (Deep Elf Earth Elementalist) Turns: 2456, Time: 00:03:36

Health: 0/32       AC:  4    Str:  5    XL:     6   Next: 11%
Magic:  9/17       EV: 13    Int: 28    God:
Gold:   99         SH:  0    Dex: 21    Spells: 16/17 levels left

rFire   + . .      SeeInvis .    (no weapon)
rCold   + . .      Faith    .    (no shield)
rNeg    . . .      Spirit   .    a - +0 robe
rPois   .          Reflect  .    (no helmet)
rElec   .          Rampage  .    (no cloak)
rCorr   .                        c - +1 pair of gloves
Will    .....                    (no boots)
Stlth   ++                       (no amulet)
HPRegen 0.25/turn                j - ring "Sesom" {+Blink rF+ rC+ Dex+6}
MPRegen 0.15/turn                f - +6 ring of intelligence

@: lethally poisoned (0 -> -1)
A: no striking features
a: Evoke Blink


You were in a sewer.
You visited 1 branch of the dungeon, and saw 3 of its levels.
You also visited: Sewer.

You collected 99 gold pieces.

Inventory:

Armour
 a - a +0 robe (worn)
 c - a +1 pair of gloves (worn)
Jewellery
 f - a +6 ring of intelligence (right hand)
 j - the ring "Sesom" (left hand) {+Blink rF+ rC+ Dex+6}
   (You found it on level 2 of the Dungeon)

   [ring of dexterity]

   Dex:       It affects your dexterity (+6).
   rF:        It protects you from fire.
   rC:        It protects you from cold.
   +Blink:    It lets you blink.
 m - a ring of protection from cold
Scrolls
 d - a scroll of noise {unknown}
 e - 2 scrolls of fog {unknown}
 i - a scroll of vulnerability
 k - a scroll of poison
Potions
 b - 3 potions of magic
 g - a potion of haste
 l - 2 potions of heal wounds


   Skills:
 - Level 2.4 Dodging
 - Level 2.4 Stealth
 + Level 6.4 Spellcasting
 - Level 1.1 Transmutations
 + Level 5.8 Earth Magic


You had 16 spell levels left.
You knew the following spells:

 Your Spells              Type           Power      Damage    Failure   Level
a - Sandblast             Erth           82%        2d17      1%          1

Your spell library contained the following spells:

 Spells                   Type           Power      Damage    Failure   Level
 Passwall                 Tmut/Erth      23%        N/A       1%          2
 Stone Arrow              Conj/Erth      50%        3d10      5%          3
 Petrify                  Tmut/Erth      28%        N/A       14%         4
 Malign Gateway           Summ/Tloc      4%         N/A       100%        7
 Summon Horrible Things   Summ           4%         N/A       100%        8


Dungeon Overview and Level Annotations

Branches:
Dungeon (3/15)              Sewer (1/1)

Altars:


Message History

You feel very sick.
The kobold brigand throws a poisoned dart.
The poisoned dart barely misses you.
You are too injured to fight recklessly!
Casting: Sandblast (safe; 1% risk of failure)
Confirm with . or Enter, or press ? or * to list all spells.
Aiming: Sandblast (safe; 1% risk of failure)
Press: ? - help, Shift-Dir - straight line, f/p - kobold brigand
Aim: a kobold brigand, wielding a +0 short sword and quivering poisoned darts (heavily wounded, 81% to hit)
The blast of sand hits the kobold brigand.
The kobold brigand is heavily wounded.
You feel very sick.
The kobold brigand throws a poisoned dart.
The poisoned dart misses you.
Casting: Sandblast (safe; 1% risk of failure)
Confirm with . or Enter, or press ? or * to list all spells.
Aiming: Sandblast (safe; 1% risk of failure)
Press: ? - help, Shift-Dir - straight line, f/p - kobold brigand
Aim: a kobold brigand, wielding a +0 short sword and quivering poisoned darts (heavily wounded, 81% to hit)
The blast of sand hits the kobold brigand!
The kobold brigand is almost dead.
You feel very sick.
Casting: Sandblast (safe; 1% risk of failure)
Confirm with . or Enter, or press ? or * to list all spells.
Aiming: Sandblast (safe; 1% risk of failure)
Press: ? - help, Shift-Dir - straight line, f/p - kobold brigand
Aim: a kobold brigand, wielding a +0 short sword and quivering poisoned darts (almost dead, 81% to hit)
The blast of sand misses the kobold brigand.
You feel sick.
The kobold brigand splashes around in the water.
The kobold brigand closely misses you.
Casting: Sandblast (safe; 1% risk of failure)
Confirm with . or Enter, or press ? or * to list all spells.
Aiming: Sandblast (safe; 1% risk of failure)
Press: ? - help, Shift-Dir - straight line, f/p - kobold brigand
Aim: a kobold brigand, wielding a +0 short sword and quivering poisoned darts (almost dead, 81% to hit)
The blast of sand misses the kobold brigand.
You feel sick.
The kobold brigand hits you with a +0 short sword!
You die...

#.#.#.#.# #. .# #~#~#~#~# #~ ~#K
K# #~#~#~#~# #~ ~#~ ~# #~#~#~#~#
~#~ ~#~ #~~~#~~.# ~.~ ~.~
##.###~## #~# #~# #~# #~# #~# #~#
#~###)# #.###.# #.~~~~# #@K.)~#
##~~~## ##~~~## #.~.# #~~.# #.~.#
#.~.# #.~~## ##..~# #.~..##
##..~.# ### #~~~~~#####.~~~~#
#####.~
######.~~.~.~~~~~~~########~~.~.#
~...####..~~~.~~~####.....~~###.~


You could see a kobold brigand.

Vanquished Creatures
  2 kobold brigands (Sewer)
  Jessica (D:3)
  A gnoll (D:1)
  2 river rats (Sewer)
  4 adders
  3 worms
  A dart slug (D:2)
  A bat (D:2)
  8 endoplasms
  2 giant cockroaches
  A goblin (D:2)
  3 hobgoblins (D:2)
  2 jackals (D:2)
  3 quokkas (D:3)
  9 ball pythons
  2 frilled lizards
  10 kobolds
  6 rats
61 creatures vanquished.

Notes
Turn   | Place    | Note
-------+----------+-------------------------------------------
     0 | D:1      | cforsyth the Deep Elf Earth Elementalist began the quest
                  | for the Orb.
     0 | D:1      | Reached XP level 1. HP: 10/10 MP: 6/6
   203 | D:1      | Reached XP level 2. HP: 15/15 MP: 3/8
  1026 | D:2      | Reached skill level 4 in Spellcasting
  1236 | D:2      | Reached XP level 3. HP: 19/19 MP: 7/10
  1250 | D:2      | Identified the ring "Sesom" {+Blink rF+ rC+ Dex+6}
  1603 | D:2      | Reached XP level 4. HP: 24/24 MP: 10/12
  1769 | D:3      | Found a glowing drain.
  1783 | D:3      | Noticed Jessica
  1793 | D:3      | Killed Jessica
  1794 | D:3      | Reached skill level 5 in Spellcasting
  1826 | Sewer    | Entered a sewer
  1956 | Sewer    | Noticed a kobold brigand
  1965 | Sewer    | Killed a kobold brigand
  1966 | Sewer    | Reached skill level 5 in Earth Magic
  1966 | Sewer    | Reached XP level 5. HP: 28/28 MP: 10/15
  2215 | Sewer    | Reached skill level 6 in Spellcasting
  2451 | Sewer    | Reached XP level 6. HP: 20/32 MP: 13/17
  2456 | Sewer    | Slain by a kobold brigand

Illustrated notes

Levels and vault maps discovered:
D:1:      dpeg_arrival_arbitrary_b, layout_loops_corners
D:2:      layout_rooms, minmay_tiny_reverse_x
D:3:      layout_basic, portal_sewer_entry_f, chequers_serial_rivers_micro_a,
          uniq_crazy_yiuf_cottage, uniq_jessica
Sewer:    sewer_co_tree

Skill      XL: |  1  2  3  4  5 |
---------------+----------------+-----
Spellcasting   | 4 5 6 |  6.4
Earth Magic    | 4 5 |  5.8
Dodging        | |  2.4
Stealth        | |  2.4
Transmutations | |  1.1

Action                     |  1- 3 |  4- 6 || total
---------------------------+-------+-------++-------
   Cast: Sandblast         |    44 |    45 ||    89
    Use: Scroll            |       |     6 ||     6
 Armour: Robe              |     1 |     1 ||     2
  Dodge: Dodged            |    11 |    11 ||    22

Table legend: (Time is in decaauts)
 A = Elapsed time spent in this place.
 B = Non-inter-level travel time spent in this place.
 C = Inter-level travel time spent in this place.
 D = Time resting spent in this place.
 E = Time spent auto-exploring this place.
 F = Levels seen in this place.
 G = Mean time per level.
                   A        B        C        D        E       F      G
               +--------+--------+--------+--------+--------+-----+--------+
         Total |   2655 |   2582 |     73 |    226 |   1932 |   4 |  663.8 |
       Dungeon |   1859 |   1786 |     73 |    208 |   1293 |   3 |  619.7 |
         Sewer |    795 |    795 |      0 |     18 |    639 |   1 |  795.0 |
               +--------+--------+--------+--------+--------+-----+--------+

Top non-repeatable levels by time:
     D:1: 950 daAuts
     D:2: 822 daAuts
   Sewer: 795 daAuts
     D:3: 86 daAuts
